 Dungeon Crawl Stone Soup version 0.30.0-30-g96aa6591b8 (webtiles) character file.

Game seed: 8479496580713577918

160 croobank the Caller (level 5, -31/49 HPs)
             Began as an Octopode Summoner on June 28, 2023.
             Killed by an exploding cerulean imp (32 damage)
             ... ignited by their inner flame
             ... on level 4 of the Dungeon.
             The game lasted 00:09:03 (3589 turns).

croobank the Caller (Octopode Summoner)             Turns: 3589, Time: 00:09:04

Health: -31/49     AC: 22    Str:  7      XL:     5   Next: 41%
Magic:  6/9        EV:  2    Int: 22 (23) God:
Gold:   121        SH:  0    Dex: 11      Spells: 1/10 levels left

rFire   . . .        d - +0 short sword
rCold   . . .        (no shield)
rNeg    . . .        (helmet currently unavailable)
rPois   +            (no amulet)
rElec   .            (no ring)
rCorr   .            (no ring)
SInv    .            (no ring)
Will    .....        (no ring)
Stlth   ++           (no ring)
HPRegen 0.28/turn    (no ring)
MPRegen 0.11/turn    (no ring)
                     (no ring)

%: no passive effects
@: brilliant, tree-form (expiring), attractive
A: stationary, stasis, torment immunity, boosted hp, almost no armour,
(amphibious), 8 rings, (camouflage 1), (gelatinous body 1), (nimble swimmer 1),
(tentacles), (iridescent scales 1), clever 1
a: no special abilities


You were on level 4 of the Dungeon.
You were a tree.
You visited 1 branch of the dungeon, and saw 4 of its levels.

You collected 121 gold pieces.

Inventory:

Hand Weapons
 d - a +0 short sword (weapon)
 e - a +0 dagger
Armour
 k - a +0 buckler
Scrolls
 b - a scroll of blinking
 c - a scroll of immolation
 i - 2 scrolls of fog {unknown}
 j - a scroll of fear {unknown}
 l - a scroll of enchant weapon {unknown}
 m - 3 scrolls of identify {unknown}
 n - a scroll of acquirement {unknown}
 p - a scroll of teleportation {unknown}
Potions
 a - a potion of magic
 q - 2 potions of lignification


   Skills:
 + Level 1.3 Fighting
 + Level 2.8 Dodging
 + Level 3.9 Stealth
 + Level 3.0 Spellcasting
 * Level 0.9 Hexes
 + Level 4.7 Summonings


You had one spell level left.
You knew the following spells:

 Your Spells              Type           Power      Damage    Failure   Level
a - Summon Small Mammal   Summ           100%       N/A       1%          1
b - Call Imp              Summ           72%        N/A       2%          2
c - Call Canine Familiar  Summ           36%        N/A       5%          3
d - Summon Guardian Gole  Hex/Summ       23%        N/A       12%         3

Your spell library contained the following spells:

 Spells                   Type           Power      Damage    Failure   Level
 Shock                    Conj/Air       16%        1d4       12%         1
 Ensorcelled Hibernation  Hex/Ice        16%        N/A       16%         2
 Passwall                 Tmut/Erth      3%         N/A       19%         2
 Swiftness                Air            4%         N/A       36%         3
 Summon Lightning Spire   Summ/Air       20%        N/A       43%         4
 Airstrike                Air            2%         2d(1-17)  77%         4
 Shatter                  Erth           2%         3d6*      100%        9


Dungeon Overview and Level Annotations

Branches:
Dungeon (4/15)
 Temple: D:4-7

Altars:
Makhleb
Wu Jian

Annotations:
D:3 Terence


Innate Abilities, Weirdness & Mutations

You are a tree.
Your roots penetrate the ground, keeping you stationary.
You cannot be teleported.
You are immune to unholy pain and torment.
Your maximum health is greatly increased.
You cannot wear most types of armour.
((You are amphibious.))
You can wear up to eight rings at the same time.
((Your skin changes colour to match your surroundings (Stealth+).))
((Your rubbery body absorbs attacks. (AC +1, EV +1)))
((You are camouflaged when in or above water. (Stealth+)))
((You have tentacles for arms and can constrict up to eight enemies at once.))
((You are partially covered in iridescent scales. (AC +2)))
Your mind is acute. (Int +4, Str/Dex -1)


Message History

You closely miss something. Your hound misses something.
Your quokka barely misses the orc.
Your cerulean imp closely misses the orc.
The orc hits you but does no damage. x2; Something hits you but does no damage.
You closely miss something.
Your hound bites something.
Your quokka bites the orc.
Your cerulean imp hits the orc with a -1 spear.
Your hound closely misses something.
The orc hits you but does no damage. Space warps horribly around you!!
* * * LOW HITPOINT WARNING * * *
Something hits you but does no damage. The orc misses your quokka.
Okay, then.
Okay, then.
As you read the scroll labelled IDI SEERHYO, it crumbles to dust.
The creatures around you are filled with an inner flame!
It was a scroll of immolation.
Your hound disappears in a puff of smoke!
Your quokka bites the orc but does no damage.
Your cerulean imp closely misses the orc.
The orc hits you but does no damage.
The orc hits your quokka with a +0 short sword.
Flame seeps out of your quokka. Something hits you but does no damage.
As you read the scroll labelled ROLIMU AJAG, it crumbles to dust.
Wisps of shadow whirl around you...
It was a scroll of summoning.
Your quokka is engulfed in blazing flames.
Your quokka's corpse disappears in a puff of smoke!
Your quokka explodes!
The fiery explosion engulfs the orc!
The fiery explosion engulfs your hobgoblin!!
You kill your hobgoblin!
Your hobgoblin's corpse dissolves into shadows!
The fiery explosion engulfs your cerulean imp!!
Your cerulean imp disappears in a puff of smoke!
The fiery explosion engulfs your jelly!!!
You kill your jelly!
Your jelly dissolves into shadows!
Your cerulean imp explodes!
The fiery explosion engulfs you!!
Ouch! That really hurt!
You die...

........# #o..♣
#......####...♣ .
#......##....♣♣.P
.............{..♣
...###..r....♣♣. .#
...##....5...♣ ♣.#
..##.......##.♣ ♣..#
...............♣♣♣♣...#
#.##♣.♣#......Bo♣§§§..+
#.#♣..♣♣..##...{§§○§..#
#..♣P.P♣♣♣##...§§§§...#
...♣P..♣P♣♣#.#......#.#
...♣.PP.PP♣.........###
...♣♣....♣♣..##.......#
.#..♣..♣..♣.##..##....#
###..♣♣P♣P♣..##.#####..
##.♣ ♣.)♣..P.P..# ..


You could see an orc (inner flame, ally target) and a friendly giant cockroach
(summoned, wandering).

Vanquished Creatures
  An adder (D:4)
  A worm (D:3)
  A dart slug (D:1)
  An orc (D:4)
  4 endoplasms
  4 hobgoblins
  2 quokkas (D:1)
  3 ball pythons (D:1)
  3 bats
  2 frilled lizards (D:1)
  6 goblins
  3 kobolds
  6 rats
37 creatures vanquished.

Vanquished Creatures (collateral kills)
  An orc priest (D:4)
  Jessica (D:3)
  An iguana (D:3)
  A dart slug (D:1)
  An orc (D:4)
  A bat (D:1)
  8 goblins
  2 hobgoblins
  3 quokkas
  2 ball pythons (D:1)
  2 kobolds (D:1)
  2 rats (D:1)
25 creatures vanquished.

Grand Total: 62 creatures vanquished

Notes
Turn   | Place    | Note
-------+----------+-------------------------------------------
     0 | D:1      | croobank the Octopode Summoner began the quest for the Orb.
     0 | D:1      | Reached XP level 1. HP: 11/11 MP: 3/3
   221 | D:1      | Reached XP level 2. HP: 12/17 MP: 3/5
   224 | D:1      | Learned a level 2 spell: Call Imp
  1115 | D:1      | Reached XP level 3. HP: 22/22 MP: 6/6
  1211 | D:1      | Learned a level 3 spell: Call Canine Familiar
  2452 | D:3      | Found a burning altar of Makhleb.
  2488 | D:3      | HP: 1/22 [iguana (6)]
  2490 | D:3      | Gained mutation: You are occasionally teleported next to
                  | monsters. [potion of mutation]
  2493 | D:3      | Lost mutation: You are occasionally teleported next to
                  | monsters. [potion of mutation]
  2493 | D:3      | Gained mutation: Your mind is acute. (Int +4, Str/Dex -1)
                  | [potion of mutation]
  2493 | D:3      | Gained mutation: You are partially covered in iridescent
                  | scales. (AC +2) [potion of mutation]
  2653 | D:3      | Noticed Jessica
  2661 | D:3      | Killed Jessica
  2662 | D:3      | Reached skill level 1 in Fighting
  2662 | D:3      | Reached XP level 4. HP: 28/28 MP: 2/8
  2874 | D:3      | Found an ornate altar of the Wu Jian Council.
  2884 | D:3      | Got the Tome of the Wintry Syncline
  3174 | D:3      | Found a faded altar of an unknown god.
  3255 | D:3      | Noticed Terence
  3418 | D:4      | Reached XP level 5. HP: 33/33 MP: 9/9
  3422 | D:4      | Learned a level 3 spell: Summon Guardian Golem
  3587 | D:4      | HP: 1/49 [orc/+0 mace of distortion (18)]
  3589 | D:4      | Killed by an exploding cerulean imp... ignited by their
                  | inner flame

Illustrated notes

Levels and vault maps discovered:
D:1:      matt_arrival_spirals, layout_basic, minmay_pentomino_p4
D:2:      cheibrodos_greedy_goblins, layout_basic
D:3:      layout_basic, mainiacjoe_overflow_catwalk_spiral,
          chequers_ecumenical_altar_twisty, grunt_decor_cap,
          kennysheep_jessica_study, uniq_terence
D:4:      layout_cave_pools, minmay_temple_entry_arrows, serial_forest,
          infiniplex_forest_straight_3, infiniplex_forest_end_2,
          infiniplex_forest_clump_C, infiniplex_forest_end_1,
          infiniplex_forest_clump_C, infiniplex_forest_end_3,
          infiniplex_forest_corner_1, kennysheep_generic_room_10

Skill      XL: |  1  2  3  4  5 |
---------------+----------------+-----
Stealth        | 3 |  3.9
Fighting       | 1 |  1.3
Spellcasting   | 3 |  3.0
Dodging        | |  2.8
Hexes          | |  0.9
Summonings     | |  4.7

Action                     |  1- 3 |  4- 6 || total
---------------------------+-------+-------++-------
  Melee: Unarmed           |    23 |       ||    23
         Constrict         |    19 |     3 ||    22
         Short sword       |    42 |    29 ||    71
         Tentacles         |     9 |     5 ||    14
   Cast: Summon Small Mamm |    19 |     5 ||    24
         Call Imp          |     6 |     3 ||     9
         Call Canine Famil |     4 |     3 ||     7
    Use: Potion            |     3 |     4 ||     7
         Scroll            |       |     3 ||     3
   Stab: Sleeping          |     9 |     4 ||    13
 Armour: Skin              |     5 |    32 ||    37
  Dodge: Dodged            |    46 |     3 ||    49
